 Dungeon Sprint DCSS version 0.31-a0-117-g42d8f58691 (webtiles) character file.

Game seed: 17605470313269920884

533 rocky1 the Protected (level 7, -1/106 HPs)
             Began as a Minotaur Fighter on May 31, 2023.
             Was an Initiate of Gozag.
             Slain by a red devil
             ... wielding a +0 demon trident
             ... summoned by a kobold demonologist
              (20 damage)
             ... in the Dungeon (Sprint III: "The Ten Rune Challenge").
             The game lasted 00:01:39 (1061 turns).

rocky1 the Protected (Minotaur Fighter)             Turns: 1061, Time: 00:01:41

Health: -1/106     AC:  8    Str: 22    XL:     7   Next: 4%
Magic:  6/6        EV: 10    Int:  5    God:    Gozag
Gold:   312        SH:  6    Dex: 10    Spells: 6/6 levels left

rFire   . . .        a - +0 flail
rCold   . . .        c - +0 buckler
rNeg    . . .        b - +0 scale mail
rPois   .            (helmet restricted)
rElec   .            (no cloak)
rCorr   .            (no gloves)
SInv    .            (no boots)
Will    .....        (no amulet) Stlth
                     (no ring)
HPRegen 0.37/turn    (no ring)
MPRegen 0.10/turn

%: no teleportation
@: berserking, spiked, gold aura, very quick
A: horns 2, retaliatory headbutt
a: Renounce Religion, Potion Petition, Call Merchant, Bribe Branch


You were in the Dungeon.
You worshipped Gozag.
Gozag was aware of your devotion.
You visited 1 branch You collected 312 gold pieces.

Inventory:

Hand Weapons
 a - a +0 flail (weapon)
Armour
 b - a +0 scale mail (worn)
 c - a +0 buckler (worn)
Scrolls
 j - a scroll of blinking
 k - a scroll of poison {unknown}
 l - 3 scrolls of identify
 m - a scroll of torment {unknown}
Potions
 d - a potion of might
 e - 2 potions of curing
 g - a potion of haste
 h - 2 potions of magic
 n - 7 potions of mutation
Miscellaneous
 o - a phantom mirror


   Skills:
 + Level 9.9 Fighting
 + Level 7.7 Maces & Flails
 + Level 10.4 Armour
 + Level 2.1 Dodging
 + Level 10.0 Shields


You had 6 spell levels left.
You didn't know any spells.
Your spell library was empty.

Dungeon Overview and Level Annotations

Branches:
Dungeon (1/1)

Altars:
Cheibriados
Dithmenos
Fedhas
Gozag
Hepliaklqana
Kikubaaqudgha
Makhleb
Nemelex Xobeh
Qazlal
Ru
Sif Muna
Vehumet
Xom
Yredelemnul
Jiyva
Lugonu


Innate Abilities, Weirdness & Mutations

You have a pair of horns on your head.
You reflexively headbutt those who attack you in melee.


Message History

Barbed spikes become lodged in your body.
You feel much better.
You are engulfed in a cloud of scalding steam.
The kobold demonologist casts a cantrip, but nothing happens.
Something hits you but does no damage.
The red devil hits you but does no damage.
Unknown command.
A red film seems to cover your vision as you go berserk!
You feel yourself moving faster!
You feel mighty! The smoke demon gestures at you. Something smites you!
* * * LOW HITPOINT WARNING * * *
Something hits you.
* * * LOW HITPOINT WARNING * * *
The red devil barely misses you.
The barbs in your skin will harm you if you move.
Continue?
Okay, then.
The barbs in your skin will harm you if you move.
Continue?
Okay, then.
The barbs in your skin will harm you if you move.
Continue?
Okay, then.
The barbs in your skin will harm you if you move.
Continue?
You closely miss something. Something hits you.
* * * LOW HITPOINT WARNING * * *
Unknown command.
You hit something. You headbutt something.
Reactivating autopickup.
You feel a bit more experienced. You block the red devil's attack.
Your Shields skill increases to level 10!
You have reached level 7!
Unknown command.
The barbed spikes dig painfully into your body as you move.
* * * LOW HITPOINT WARNING * * *
The smoke demon barely misses you. You block the smoke demon's attack.
The smoke demon hits you but does no damage.
The kobold demonologist hits you but does no damage.
The shadow imp barely misses you.
The red devil hits you with a +0 demon trident!!
You die...
Your body crumbles into a pile of gold.

#....÷..#..#..# #._#
##.##...#..#..###+#+###)##
##.###..##'#..#..........#
$
###.##..###...'.⌠........#
$ $ $
#..##..####...#...######'#
$$$ $
...##..###....#.⌠.#__#...#
†.##..)##.....#...#__#...#
.##....#......#'###__#...#
###..##.#.....#4@K#__#...+
# #.. ####....#35_#__'...#
▓ ▓▓▓ ▓▓▓▓▓▓▓▓▓▓▓▓▓▓▓▓▓ $


You could see a kobold demonologist, a smoke demon (summoned), a red devil
(summoned) and a shadow imp (summoned).

Vanquished Creatures
  A shadow (D)
  A spatial vortex (D)
  A water elemental (D)
  A necrophage (D)
  A jelly (D)
  Jessica (D)
  A wizard (D)
  A necromancer (D)
  A human (D)
  A wolf (D)
  3 rats (D)
13 creatures vanquished.

Notes
Turn   | Place    | Note
-------+----------+-------------------------------------------
     0 | D        | rocky1 the Minotaur Fighter began the quest for the Orb.
     0 | D        | Reached XP level 1. HP: 19/19 MP: 0/0
    26 | D        | Noticed Jessica
    31 | D        | Killed Jessica
    32 | D        | Reached skill level 5 in Fighting
    32 | D        | Reached skill level 5 in Armour
    32 | D        | Reached skill level 5 in Shields
    32 | D        | Reached XP level 2. HP: 29/29 MP: 1/1
   148 | D        | Reached XP level 3. HP: 33/37 MP: 2/2
   296 | D        | Noticed a water elemental
   300 | D        | Killed a water elemental
   301 | D        | Reached skill level 1 in Dodging
   301 | D        | Reached XP level 4. HP: 10/47 MP: 3/3
   547 | D        | Noticed a shadow
   549 | D        | Reached XP level 5. HP: 34/52 MP: 4/4
   553 | D        | Killed a shadow
   554 | D        | Reached XP level 6. HP: 33/62 MP: 5/5
   704 | D        | Found a blossoming altar of Fedhas.
   704 | D        | Found a stormy altar of Qazlal.
   704 | D        | Found a snail-covered altar of Cheibriados.
   704 | D        | Found a burning altar of Makhleb.
   704 | D        | Found a shimmering altar of Xom.
   705 | D        | Found a hazy altar of Hepliaklqana.
   705 | D        | Found an opulent altar of Gozag.
   705 | D        | Found a sparkling altar of Nemelex Xobeh.
   705 | D        | Found a corrupted altar of Lugonu.
   705 | D        | Found a viscous altar of Jiyva.
   705 | D        | Noticed a spatial vortex
   709 | D        | Became a worshipper of Gozag Ym Sagoz the Greedy
   727 | D        | Killed a spatial vortex
   728 | D        | Reached skill level 10 in Armour
   915 | D        | Found a basalt altar of Yredelemnul.
   915 | D        | Found a shadowy altar of Dithmenos.
   915 | D        | Found a sacrificial altar of Ru.
  1049 | D        | Found a radiant altar of Vehumet.
  1049 | D        | Found a shimmering blue altar of Sif Muna.
  1049 | D        | Found an ancient bone altar of Kikubaaqudgha.
  1051 | D        | Noticed a smoke demon
  1055 | D        | Noticed a red devil
  1061 | D        | Reached skill level 10 in Shields
  1061 | D        | Reached XP level 7. HP: 24/71 MP: 6/6
  1061 | D        | Slain by a red devil

Illustrated notes

Levels and vault maps discovered:
D:        dungeon_sprint_mu [sprint_mu_entry_cave, sprint_mu_temple_rooms,
          sprint_mu_d1_spiders, sprint_mu_d2_genie, sprint_mu_d3_branching,
          sprint_mu_orc_legion, sprint_mu_elf_gauntlet, sprint_mu_hive_nellie,
          sprint_mu_lair_fedhas, sprint_mu_vaults_butterflies,
          sprint_mu_slime_circle, sprint_mu_swamp_cave, sprint_mu_snake_twists,
          sprint_mu_blade_basic, sprint_mu_crypt_lich, sprint_mu_tomb_spiral,
          sprint_mu_vestibule_basic, sprint_mu_gehenna_hellfire,
          sprint_mu_dis_giant, sprint_mu_tartarus_statrot,
          sprint_mu_cocytus_islands, sprint_mu_zot1]

Skill      XL: |  1  2  3  4  5  6 |
---------------+-------------------+-----
Fighting       | 5 7 8 9 |  9.9
Armour         | 5 7 9 10 | 10.4
Shields        | 5 7 9 10 | 10.0
Maces & Flails | 3 4 6 7 |  7.7
Dodging        | 1 2 |  2.1

Action                     |  1- 3 |  4- 6 |  7- 9 || total
---------------------------+-------+-------+-------++-------
  Melee: Flail             |    19 |    38 |       ||    57
         Headbutt          |     2 |    11 |       ||    13
    Use: Potion            |       |     3 |       ||     3
 Armour: Scale mail        |     3 |    12 |     2 ||    17
  Dodge: Dodged            |     8 |     6 |     2 ||    16
  Block: Buckler           |     3 |    15 |     1 ||    19

Table legend: (Time is in decaauts)
 A = Elapsed time spent in this place.
 B = Non-inter-level travel time spent in this place.
 C = Inter-level travel time spent in this place.
 D = Time resting spent in this place.
 E = Time spent auto-exploring this place.
 F = Levels seen in this place.
 G = Mean time per level.
                   A        B        C        D        E       F      G
               +--------+--------+--------+--------+--------+-----+--------+
         Total |   1069 |   1069 |      0 |    845 |     16 |   1 | 1069.0 |
       Dungeon |   1069 |   1069 |      0 |    845 |     16 |   1 | 1069.0 |
               +--------+--------+--------+--------+--------+-----+--------+

Top non-repeatable levels by time:
       D: 1069 daAuts
